 Dungeon Crawl Stone Soup version 0.20.1-1-g8b1a95d (webtiles) character file.

111787 homeworkjunkie the Severer (level 16, -7/151 HPs)
             Began as a Hill Orc Fighter on Dec 7, 2017.
             Was the Champion of Okawaru.
             Killed from afar by a hellion (33 damage)
             ... with damnation
             ... summoned by a deep elf demonologist
             ... on level 3 of the Elven Halls on Dec 10, 2017.
             The game lasted 00:50:24 (23222 turns).

homeworkjunkie the Severer (Hill Orc Fighter)      Turns: 23222, Time: 00:50:25

Health: -7/151     AC: 19    Str: 37    XL:     16   Next: 58%
Magic:  0/22       EV: 12    Int:  7    God:    Okawaru [******]
Gold:   1604       SH: 15    Dex: 13    Spells: 15/15 levels left

rFire    + . .     SeeInvis +   p - +2 broad axe (freeze)
rCold    + . .     Gourm    .   H - +0 shield "Cuygel" {rF+}
rNeg     . . .     Faith    .   K - +1 ring mail of Vaikoeto {Regen+ Str+2}
rPois    +         Spirit   +   e - +3 helmet of Defiance {*Slow Str+6 Dex+2}
rElec    +         Reflect  .   M - scarf {Spirit}
rCorr    .         Harm     .   n - +2 pair of gloves {Str+3}
MR       +....     Clarity  +   x - +1 pair of boots
Stlth    ..........             F - amulet of guardian spirit
Regen    0.8/turn               r - ring "Byistax" {rPois rF+ Slay+5 SInv Stlth-}
MPRegen  0.2/turn               o - ring "Lyqatob" {Ice rElec Str+2}

@: about to teleport
A: fangs 1, clarity, dopey 1
a: Heroism, Finesse, Renounce Religion


You were on level 3 of the Elven Halls.
You worshipped Okawaru.
Okawaru was exalted by your worship.
You were not hungry.

You visited 5 branches of the dungeon, and saw 24 of its levels.
You also visited: Ossuary.

You collected 2504 gold pieces.
You spent 900 gold pieces at shops.

Inventory:

Hand Weapons
 p - a +2 broad axe of freezing (weapon)
 y - a +2 war axe of chopping
 J - a +6 hand axe of flaming
Armour
 e - the +3 helmet of Defiance (worn) {*Slow Str+6 Dex+2}
   (You found it on level 8 of the Dungeon)

   It affects your strength (+6).
   It affects your dexterity (+2).
   It may slow you when you take damage.
 n - a +2 pair of gloves of strength (worn)
 q - +0 ice dragon scales
 t - a +0 plate armour
 w - a +2 buckler
 x - a +1 pair of boots (worn)
 H - the +0 shield "Cuygel" (worn) {rF+}
   (You found it on level 6 of the Lair of Beasts)

   It protects you from fire.
 K - the +1 ring mail of Vaikoeto (worn) {Regen+ Str+2}
   (You found it on level 2 of the Elven Halls)

   It affects your strength (+2).
   It increases your rate of regeneration.
 M - a scarf of spirit shield (worn)
Jewellery
 c - an uncursed amulet of harm
 o - the ring "Lyqatob" (right hand) {Ice rElec Str+2}
   (You found it on level 7 of the Dungeon)

   [ring of ice]

   It enhances your ice magic.
   It affects your strength (+2).
   It makes you vulnerable to fire.
   It protects you from cold.
   It insulates you from electricity.
 r - the ring "Byistax" (left hand) {rPois rF+ Slay+5 SInv Stlth-}
   (You bought it in a shop on level 10 of the Dungeon)

   [ring of protection from fire]

   It affects your accuracy and damage with ranged weapons and melee attacks
   (+5).
   It protects you from fire.
   It protects you from poison.
   It lets you see invisible.
   It makes you less stealthy.
 B - an uncursed ring of ice
 F - an amulet of guardian spirit (around neck)
 I - an uncursed ring of positive energy
Wands
 i - a wand of lightning (0/15)
 E - a wand of confusion (4/48)
Scrolls
 d - 2 scrolls of fear
 f - 5 scrolls of teleportation
 h - 7 scrolls of remove curse
 j - 10 scrolls of identify
 k - 6 scrolls of blinking
 m - 3 scrolls of immolation
 v - a scroll of magic mapping
 C - a scroll of fog {unknown}
 L - a scroll of torment {unknown}
Potions
 a - 3 potions of mutation
 g - 2 potions of berserk rage
 l - a potion of might
 s - a potion of magic
 u - 7 potions of flight
 A - a potion of agility
 D - a potion of heal wounds
 G - 2 potions of resistance
Comestibles
 b - a bread ration
 z - 4 meat rations


   Skills:
 * Level 16.3 Fighting
 * Level 20.7 Axes
 * Level 13.1 Armour
 + Level 2.5 Dodging
 + Level 1.1 Stealth
 * Level 13.6 Shields
 * Level 8.3 Evocations


You had 15 spell levels left.
You didn't know any spells.

Dungeon Overview and Level Annotations

Branches:
Dungeon (12/15)            Temple (1/1) D:6            Lair (6/6) D:11
 Shoals (0/4) Lair:3       Spider (0/4) Lair:3        Slime (0/5) Lair:6
    Orc (2/2) D:10            Elf (3/3) Orc:2

Altars:
Ashenzari
Cheibriados
Dithmenos
Elyvilon
Fedhas
Gozag
Hepliaklqana
Kikubaaqudgha
Makhleb
Nemelex Xobeh
Okawaru
Qazlal
Ru
Sif Muna
Trog
Uskayaw
Vehumet
Xom
Yredelemnul
Zin
The Shining One

Shops:
D:8 }   D:10 =   Orc:2 [:*(


Innate Abilities, Weirdness & Mutations

You have very sharp teeth.
You possess an exceptional clarity of mind.
You are dopey. (Int -2)


Message History

You hear a shout!
You feel much better. The hellion gestures at you.
The sphere of damnation explodes!
The damnation engulfs you!
* * * LOW HITPOINT WARNING * * *
The damnation engulfs the hellion.
The hellion completely resists.
The reaper closely misses you.
You hear a shout!
As you read the scroll of teleportation, it crumbles to dust.
You feel strangely unstable. The hellion gestures at you.
The sphere of damnation explodes!
The damnation engulfs you!
* * * LOW HITPOINT WARNING * * *
The damnation engulfs the hellion.
The hellion completely resists.
You feel much better.
The reaper hits you from afar with a scythe of slicing.
* * * LOW HITPOINT WARNING * * *
x2 The hellion gestures at you.
The sphere of damnation explodes!
The damnation engulfs you!
You die...

...'.....'..'.......#
####.....#####.....##
#.......# ##...##
#...P...#########
#............##
##.....#####..#
##'#.).## ##.#
##.###### #.## #.##
#.@# .## ##2## ##
#24# # ###3###
#...e.# #..4..#
###()## #)≈# #≈≈#


You could see a reaper, a deep elf demonologist, a hellwing, a smoke demon, a
hellion and a chaos spawn.

Vanquished Creatures
  Roxanne (Elf:1)
  A deep elf sorcerer (Elf:3)
  2 orc warlords
  A deep elf elementalist (Elf:3)
  2 deep elf annihilators (Elf:1)
  A deep elf demonologist (Elf:2)
  The ghost of p0werm0de the Cleaver, a journeyman DDFi of Makhleb (Orc:1)
  A deep elf death mage (Elf:2)
  Erolcha (Orc:1)
  An ice dragon (D:8)
  Fannar (Orc:1)
  3 catoblepae (Lair:6)
  4 hydras
  10 dancing weapons
  14 death yaks
  4 orc high priests
  5 two-headed ogres
  Urug (D:10)
  12 deep elf knights
  An unseen horror (D:12)
  9 deep elf archers
  A necromancer (Lair:6)
  41 deep elf magi
  3 orc knights (Orc:2)
  7 orc sorcerers
  2 manticores (Lair:6)
  2 cyclopes
  An ugly thing (D:7)
  The ghost of Kingsmith the Blocker, a novice GrFi of the Shining One (D:5)
  3 black mambas
  Maurice (Orc:1)
  5 elephants
  9 spiny frogs
  4 rime drakes
  A torpor snail (Lair:3)
  6 komodo dragons
  6 trolls
  A polar bear (Lair:6)
  A hornet (Lair:3)
  6 dream sheep (Lair:6)
  11 blink frogs
  5 hippogriffs
  3 slime creatures (Lair:6)
  5 air elementals
  A yak (shapeshifter) (D:8)
  2 water elementals
  2 wraiths
  3 basilisks
  28 yaks
  3 wyverns
  4 fire elementals
  3 hungry ghosts
  The ghost of Feta the Poker, an amateur MfGl (D:4)
  A vampire mosquito (D:8)
  6 wargs
  A soldier ant (shapeshifter) (Elf:3)
  2 hell hounds (D:11)
  8 porcupines
  36 orc warriors
  7 water moccasins
  4 sky beasts
  2 ice beasts
  A black bear (D:7)
  2 phantoms
  The ghost of soepske the Shield-Bearer, an amateur FoFi of Qazlal (D:3)
  7 wolves
  8 centaurs
  14 ogres
  8 crocodiles
  An elf zombie (D:7)
  10 bullfrogs
  A wyvern zombie (D:10)
  2 earth elementals (Elf:2)
  An elf skeleton (D:7)
  5 scorpions
  A wyvern skeleton (D:8)
  55 killer bees
  4 wights (D:9)
  4 howler monkeys
  An electric eel (Lair:2)
  8 crimson imps
  3 hounds
  4 jellies
  A centaur skeleton (D:7)
  2 human zombies
  25 orc priests
  32 orc wizards
  A bullfrog skeleton (D:10)
  Jessica (D:3)
  5 iguanas
  8 worker ants
  6 polar bear simulacra (Lair:6)
  A yak simulacrum (Lair:6)
  3 wolf simulacra (Lair:6)
  2 big kobold zombies (Ossuary)
  A hound zombie (D:11)
  2 hound skeletons (D:7)
  5 mummies (Ossuary)
  A worker ant zombie (D:11)
  16 adders
  A howler monkey skeleton (D:11)
  7 gnolls (D:6)
  A shadow imp (D:7)
  An ooze (D:2)
  An adder zombie (D:5)
  An adder skeleton (D:6)
  4 worms
  3 dart slugs
  3 leopard geckos
  79 orcs
  4 ball pythons
  13 bats
  7 giant cockroaches
  10 goblins
  4 hobgoblins
  16 jackals
  3 kobolds
  8 quokkas
  4 frilled lizards
  2 goblin zombies (Ossuary)
  A hobgoblin zombie (Ossuary)
  A jackal skeleton (D:7)
  A jackal zombie (D:8)
  2 kobold zombies (Ossuary)
  A leopard gecko skeleton (D:4)
  An orc skeleton (D:7)
  2 orc zombies (D:7)
  2 rats
  A river rat simulacrum (Lair:6)
  4 fungi
  4 plants
760 creatures vanquished.

Vanquished Creatures (others)
  A water elemental (Elf:2)
  2 sky beasts
  A bullfrog (D:8)
  An orc (D:10)
  A bush (D:8)
  14 fungi
  9 plants
29 creatures vanquished.

Grand Total: 789 creatures vanquished

Notes
Turn   | Place    | Note
-------+----------+-------------------------------------------
     0 | D:1      | homeworkjunkie the Hill Orc Fighter began the quest for the Orb.
     0 | D:1      | Reached XP level 1. HP: 19/19 MP: 1/1
    62 | D:2      | Reached XP level 2. HP: 25/27 MP: 2/2
   219 | D:2      | Reached skill level 3 in Axes
   219 | D:2      | Reached XP level 3. HP: 32/33 MP: 3/3
   321 | D:3      | Noticed soepske's ghost (amateur FoFi)
   334 | D:3      | Killed soepske's ghost
   334 | D:3      | Reached skill level 4 in Axes
   334 | D:3      | Reached XP level 4. HP: 13/40 MP: 4/4
   334 | D:3      | Reached XP level 5. HP: 15/46 MP: 5/5
   803 | D:5      | Entered Level 5 of the Dungeon
   812 | D:4      | Noticed an ogre
   820 | D:4      | Killed an ogre
   820 | D:4      | Reached skill level 5 in Axes
   820 | D:4      | Reached skill level 1 in Dodging
   832 | D:4      | Reached XP level 6. HP: 49/53 MP: 6/6
   858 | D:4      | Noticed Feta's ghost (amateur MfGl)
   862 | D:5      | Noticed a sky beast
   875 | D:5      | Killed a sky beast
   884 | D:5      | Reached skill level 6 in Axes
  1028 | D:5      | Noticed a phantom
  1090 | D:5      | Killed a phantom
  1090 | D:5      | Reached skill level 7 in Axes
  1090 | D:5      | Reached XP level 7. HP: 23/60 MP: 7/7
  1579 | D:3      | Reached skill level 5 in Fighting
  1855 | D:3      | Noticed Jessica
  1860 | D:3      | Killed Jessica
  2065 | D:2      | Found a faded altar of an unknown god.
  2989 | D:4      | Gained mutation: You tend to lose your temper in combat. [potion of mutation]
  2989 | D:4      | Gained mutation: You are clumsy. (Dex -2) [potion of mutation]
  2989 | D:4      | Gained mutation: You are partially covered in slimy green scales. (AC +2) [potion of mutation]
  2989 | D:4      | Gained mutation: You are partially covered in iridescent scales. (AC +2) [potion of mutation]
  3014 | D:4      | Reached skill level 5 in Shields
  3129 | D:4      | Reached skill level 8 in Axes
  3313 | D:4      | Reached skill level 5 in Armour
  3313 | D:4      | Reached XP level 8. HP: 62/69 MP: 8/8
  3333 | D:4      | Killed Feta's ghost
  3744 | D:5      | Reached skill level 9 in Axes
  4077 | D:5      | Noticed Kingsmith's ghost (novice GrFi)
  4112 | D:5      | Killed Kingsmith's ghost
  4112 | D:5      | Reached skill level 10 in Axes
  4112 | D:5      | Reached XP level 9. HP: 63/75 MP: 9/9
  4207 | D:5      | Lost mutation: You tend to lose your temper in combat. [potion of mutation]
  4207 | D:5      | Gained mutation: You are dopey. (Int -2) [potion of mutation]
  4207 | D:5      | Lost mutation: You are dopey. (Int -2) [potion of mutation]
  4207 | D:5      | Gained mutation: You have a pair of small antennae on your head. [potion of mutation]
  4494 | D:7      | Reached skill level 11 in Axes
  4561 | D:7      | Noticed a purple ugly thing
  4595 | D:7      | Killed a purple ugly thing
  4682 | D:7      | Reached skill level 12 in Axes
  4695 | D:7      | Got a translucent turquoise ring
  4697 | D:7      | Identified the ring "Lyqatob" {Ice rElec Str+2} (You found it on level 7 of the Dungeon)
  4791 | D:7      | Found a sand-covered staircase.
  4808 | Ossuary  | Entered an ossuary
  5053 | Ossuary  | Lost mutation: You are clumsy. (Dex -2) [potion of mutation]
  5053 | Ossuary  | Lost mutation: You are partially covered in slimy green scales. (AC +2) [potion of mutation]
  5053 | Ossuary  | Lost mutation: You are partially covered in iridescent scales. (AC +2) [potion of mutation]
  5053 | Ossuary  | Gained mutation: Your natural rate of healing is unusually fast. [potion of mutation]
  5053 | Ossuary  | Gained mutation: You evolve. [potion of mutation]
  5053 | Ossuary  | Gained mutation: You have very sharp teeth. [potion of mutation]
  5234 | D:6      | Reached XP level 10. HP: 79/86 MP: 10/10
  5402 | D:6      | Lost mutation: You have a pair of small antennae on your head. [potion of mutation]
  5402 | D:6      | Lost mutation: Your natural rate of healing is unusually fast. [potion of mutation]
  5402 | D:6      | Lost mutation: You evolve. [potion of mutation]
  5402 | D:6      | Gained mutation: You are dopey. (Int -2) [potion of mutation]
  5402 | D:6      | Gained mutation: You possess an exceptional clarity of mind. [potion of mutation]
  5552 | D:6      | Found a staircase to the Ecumenical Temple.
  5561 | Temple   | Entered the Ecumenical Temple
  5604 | Temple   | Became a worshipper of Warmaster Okawaru
  5952 | D:8      | Found Douvahi's Gadget Shop.
  6291 | D:7      | Reached * piety under Okawaru
  6291 | D:7      | Reached skill level 13 in Axes
  6797 | D:8      | Identified a scroll of acquirement
  7255 | D:10     | Entered Level 10 of the Dungeon
  7368 | D:8      | Reached ** piety under Okawaru
  7417 | D:8      | Reached skill level 14 in Axes
  7427 | D:8      | Noticed an ice dragon
  7428 | D:8      | Noticed a cyclops
  7639 | D:8      | Noticed a two-headed ogre
  7646 | D:8      | Killed a two-headed ogre
  7646 | D:8      | Reached XP level 11. HP: 56/97 MP: 11/11
  7649 | D:8      | Killed a cyclops
  7656 | D:8      | Reached *** piety under Okawaru
  7849 | D:8      | Killed an ice dragon
  8290 | D:8      | Got an ancient helmet
  8301 | D:8      | Identified the +3 helmet of Defiance {*Slow Str+6 Dex+2} (You found it on level 8 of the Dungeon)
  8593 | D:9      | Got a transparent leather armour
  8604 | D:9      | Identified the cursed +0 leather armour of Xiluas {rPois rF+ Str+3} (You found it on level 9 of the Dungeon)
  9532 | D:10     | Reached skill level 15 in Axes
  9553 | D:10     | Reached **** piety under Okawaru
  9564 | D:10     | HP: 1/97 [warg (16)]
  9571 | D:10     | HP: 3/99 [orc/falchion (4)]
  9947 | D:10     | Found Hietull's Jewellery Boutique.
  9963 | D:10     | Bought the ring "Byistax" {rPois rF+ Slay+5 SInv Stlth-} for 900 gold pieces
  9972 | D:10     | Noticed a two-headed ogre
  9980 | D:10     | Killed a two-headed ogre
  9980 | D:10     | Reached skill level 1 in Evocations
 10065 | D:10     | Found a staircase to the Orcish Mines.
 10068 | D:10     | Noticed Urug
 10076 | D:10     | Killed Urug
 10113 | D:10     | Reached ***** piety under Okawaru
 10119 | D:10     | Noticed a two-headed ogre
 10125 | D:10     | Killed a two-headed ogre
 10767 | D:11     | Noticed a two-headed ogre
 10772 | D:11     | Killed a two-headed ogre
 10849 | D:11     | Received a gift from Okawaru
 11015 | D:11     | Reached XP level 12. HP: 85/106 MP: 13/13
 11204 | D:12     | Reached skill level 10 in Fighting
 11208 | D:12     | Reached skill level 16 in Axes
 11258 | D:11     | Found a staircase to the Lair.
 11463 | Lair:1   | Entered Level 1 of the Lair of Beasts
 11604 | D:11     | Noticed a two-headed ogre
 11611 | D:11     | Killed a two-headed ogre
 11874 | Orc:1    | Entered Level 1 of the Orcish Mines
 11874 | Orc:1    | Noticed Erolcha
 11874 | Orc:1    | Noticed p0werm0de's ghost (journeyman DDFi)
 11884 | Orc:1    | Killed Erolcha
 11889 | Orc:2    | Entered Level 2 of the Orcish Mines
 12123 | Orc:2    | Noticed an orc warlord
 12126 | Orc:2    | Noticed an orc high priest
 12154 | Orc:1    | Killed an orc warlord
 12154 | Orc:1    | Reached skill level 17 in Axes
 12161 | Orc:1    | HP: 5/108 [p0werm0de's ghost (10)]
 12321 | Orc:1    | Killed p0werm0de's ghost
 12321 | Orc:1    | Received a gift from Okawaru
 12477 | Orc:1    | Noticed Maurice
 12481 | Orc:1    | Killed Maurice
 12703 | Orc:2    | Noticed an orc warlord
 12848 | Orc:1    | Noticed Fannar
 12865 | Orc:1    | Killed Fannar
 12892 | Orc:1    | Reached skill level 10 in Armour
 13017 | Orc:2    | Killed an orc high priest
 13017 | Orc:2    | Reached XP level 13. HP: 115/116 MP: 16/16
 13231 | Orc:2    | Reached skill level 18 in Axes
 13242 | Orc:2    | Found Qoaxuno's Book Shoppe.
 13249 | Orc:2    | Killed an orc warlord
 13249 | Orc:2    | Reached skill level 10 in Shields
 13906 | Orc:1    | Reached skill level 5 in Evocations
 14130 | Orc:2    | Found a staircase to the Elven Halls.
 14231 | Orc:2    | Found Faeluw's General Store.
 14240 | Orc:2    | Received a gift from Okawaru
 14454 | Orc:2    | Found Widulani's Antique Armour Shop.
 14614 | Orc:2    | Found Wioce's Antique Weapon Shoppe.
 15587 | Lair:3   | Reached ****** piety under Okawaru
 16430 | Lair:3   | Found a hole to the Spider Nest.
 16440 | Lair:3   | Reached XP level 14. HP: 106/127 MP: 18/18
 16596 | Lair:3   | Found a staircase to the Shoals.
 16928 | Lair:5   | Received a gift from Okawaru
 17209 | Lair:4   | Reached skill level 19 in Axes
 17423 | Lair:6   | Entered Level 6 of the Lair of Beasts
 18433 | Lair:5   | Reached skill level 1 in Stealth
 18641 | Lair:6   | Found a staircase to the Slime Pits.
 18707 | Lair:6   | Received a gift from Okawaru
 19179 | Lair:6   | Reached XP level 15. HP: 136/138 MP: 20/20
 19223 | Lair:6   | Received a gift from Okawaru
 19259 | Lair:6   | Got a scorched shield
 19275 | Lair:6   | Identified the +0 shield "Cuygel" {rF+} (You found it on level 6 of the Lair of Beasts)
 20176 | Elf:1    | Entered Level 1 of the Elven Halls
 20441 | Elf:1    | Reached skill level 15 in Fighting
 20454 | Elf:1    | Received a gift from Okawaru
 20455 | Elf:1    | Reached skill level 20 in Axes
 20927 | Elf:1    | Noticed Roxanne
 20952 | Elf:1    | Killed Roxanne
 20953 | Elf:1    | Identified Roxanne's Incunabulum of Transformation (You took it off Roxanne on level 1 of the Elven Halls)
 21216 | Elf:3    | Entered Level 3 of the Elven Halls
 21480 | Elf:1    | Received a gift from Okawaru
 21485 | Elf:1    | Identified Waaric's Handbook of Attacks
 21686 | Elf:2    | Reached XP level 16. HP: 80/149 MP: 13/21
 22062 | Elf:2    | Identified the Tome of Shifting Earth
 22120 | Elf:2    | Got a heavily runed ring mail
 22555 | Elf:1    | Identified the +1 ring mail of Vaikoeto {Regen+ Str+2} (You found it on level 2 of the Elven Halls)
 22633 | Elf:3    | Found an ancient bone altar of Kikubaaqudgha.
 22809 | Elf:3    | Received a gift from Okawaru
 23215 | Elf:3    | Noticed a Brimstone Fiend
 23222 | Elf:3    | Killed from afar by a hellion

Skill      XL: |  1  2  3  4  5  6  7  8  9 10 11 12 13 14 15 16 |
---------------+-------------------------------------------------+-----
Axes           | 3 4 5 7 8 10 12 14 15 17 18 19 20 | 20.7
Fighting       | 4 5 6 7 9 11 12 14 15 16 | 16.3
Armour         | 4 5 6 7 9 10 11 12 13 | 13.1
Shields        | 4 5 6 7 9 10 12 13 | 13.6
Dodging        | 1 2 |  2.5
Evocations     | 2 4 5 6 7 8 |  8.3
Stealth        | 1 |  1.1

Action                   |  1- 3 |  4- 6 |  7- 9 | 10-12 | 13-15 | 16-18 || total
-------------------------+-------+-------+-------+-------+-------+-------++-------
Melee: War axe           |    75 |    53 |   549 |    91 |       |       ||   768
       Bite              |       |       |     2 |    68 |   165 |    31 ||   266
       Broad axe         |       |       |       |   452 |   860 |   183 ||  1495
Evoke: Wand              |       |       |       |    13 |    34 |     5 ||    52
  Use: Scroll            |     2 |       |     9 |    18 |    11 |     2 ||    42
       Potion            |     1 |       |    10 |    13 |     2 |     3 ||    29
 Stab: Invisible         |       |       |       |     1 |       |       ||     1
       Confused          |       |       |       |       |     5 |       ||     5
  Eat: Fruit             |       |     2 |     4 |     1 |    11 |       ||    18
       Bread ration      |       |     1 |       |     4 |     1 |       ||     6
       Royal jelly       |       |       |     1 |     3 |     3 |     1 ||     8
       Meat ration       |       |       |     1 |     3 |     1 |     1 ||     6
Armor: Scale mail        |    52 |    19 |     5 |       |       |       ||    76
       Chain mail        |       |       |   244 |   113 |       |       ||   357
       Plate armour      |       |       |       |    75 |   319 |    20 ||   414
       Leather armour    |       |       |       |    17 |       |       ||    17
       Ice dragon scales |       |       |       |     4 |       |       ||     4
       Ring mail         |       |       |       |       |       |    26 ||    26
Dodge: Dodged            |    28 |    18 |   127 |   135 |   176 |    30 ||   514
Block: Shield            |    45 |    27 |   235 |   274 |   419 |    87 ||  1087
